 Dungeon Crawl Stone Soup version 0.20.0-15-g7f486f2 (webtiles) character file.

456 Darkell the Changer (level 6, -3/39 HPs)
             Began as a Felid Transmuter on June 26, 2017.
             Slain by a gnoll zombie (4 damage)
             ... in an ossuary.
             The game lasted 00:10:45 (6649 turns).

Darkell the Changer (Felid Transmuter)              Turns: 6649, Time: 00:10:46

Health: -3/39      AC: 23    Str:  8    XL:     6   Next: 77%
Magic:  10/10      EV:  4    Int: 15    God:
Gold:   217        SH:  0    Dex: 18    Spells: 3/9 levels left
                                        Lives:  0   Deaths: 2

rFire    . . .     SeeInvis +     - Unarmed
rCold    . . .     Gourm    .   (shield unavailable)
rNeg     + + +     Faith    .   (armour unavailable)
rPois    +         Spirit   .   (helmet unavailable)
rElec    .         Reflect  .   (cloak unavailable)
rCorr    .         Harm     .   (gloves unavailable)
MR       .....     NoTele   +   (boots unavailable)
Stlth    ++........             (no amulet)
Regen    0.2/turn               r - +4 ring of slaying
MPRegen  0.2/turn               (no ring)

@: tree-form
A: no armour, no weapons or thrown items, stealth, see invisible, agile 1,
carnivore 3, slow metabolism 1
a: no special abilities


You were in an ossuary.
You were not hungry.
You were a tree.
You visited 2 branches of the dungeon, and saw 7 of its levels.
You also visited: Ossuary.

You collected 217 gold pieces.

Inventory:

Missiles
 a - 83 arrows
Jewellery
 r - a +4 ring of slaying (left branch)
 s - an uncursed ring of protection from cold {unknown}
 v - an uncursed ring of protection from magic {unknown}
Wands
 p - a wand of paralysis (14/24)
Scrolls
 d - 3 scrolls of identify {unknown}
 e - a scroll of random uselessness {unknown}
 f - 6 scrolls of remove curse {unknown}
 g - a scroll of blinking {unknown}
 h - 3 scrolls of teleportation {unknown}
 j - 3 scrolls of recharging
 k - a scroll of enchant armour {unknown}
 u - a scroll of fear {unknown}
Potions
 i - 3 potions of haste
 l - a potion of brilliance {unknown}
 o - a potion of flight {unknown}
Books
 b - a book of Changes

   Spells                             Type                      Level
   a - Beastly Appendage              Transmutation                1
   b - Sticks to Snakes               Transmutation                2
   c - Spider Form                    Transmutation/Poison         3
   d - Ice Form                       Ice/Transmutation            4
   e - Blade Hands                    Transmutation                5
Comestibles
 c - 4 meat rations
 m - a royal jelly


   Skills:
 + Level 2.2 Fighting
 + Level 3.8 Dodging
 + Level 3.6 Unarmed Combat
 - Level 2.0 Spellcasting
 + Level 7.1 Transmutations
 - Level 4.8 Poison Magic


You had 3 spell levels left.
You knew the following spells:

 Your Spells              Type           Power        Failure   Level  Hunger
a - Beastly Appendage     Tmut           ###...       1%          1    #......
b - Sticks to Snakes      Tmut           ###.....     1%          2    ###....
c - Spider Form           Tmut/Pois      ###.......   6%          3    ###....


Dungeon Overview and Level Annotations

Branches:
Dungeon (6/15)             Temple (1/1) D:6

Altars:
Cheibriados
Ru
Xom

Shops:
D:5 :}}

Annotations:
D:5 Menkaure


Innate Abilities, Weirdness & Mutations

You cannot wear armour.
You are incapable of wielding weapons or throwing items.
Your paws allow you to move quietly. (Stealth)
((You have sharp claws.))
((You have razor-sharp teeth.))
You have supernaturally acute eyesight. (SInv)
You are carnivorous and can eat meat at any time.
((You cover ground quickly.))
((You are covered in thick fur. (AC +2)))
You have a slow metabolism.
((Your sharp claws are effective at attacking unaware monsters.))
((You are partially covered in iridescent scales. (AC +2)))
You are agile. (Dex +2)
((Your flesh is heat resistant. (rF+)))


Message History

The orc zombie hits you but does no damage.
You smack the human zombie!
You destroy the human zombie!
The gnoll zombie hits you.
* * * LOW HITPOINT WARNING * * *
The big kobold zombie hits you but does no damage.
The orc zombie hits you.
* * * LOW HITPOINT WARNING * * *
You hit the orc zombie.
The orc zombie is moderately damaged.
The gnoll zombie hits you but does no damage.
The big kobold zombie hits you.
* * * LOW HITPOINT WARNING * * *
You smack the orc zombie!
You destroy the orc zombie!
The goblin zombie hits you but does no damage.
You smack the gnoll zombie!
The gnoll zombie is almost destroyed.
The gnoll zombie hits you.
You die...

##.........##
#...........#
##.Z.......##
#...ZZ......#
#####...####
#...# ##...##
##Z....##
#♣Z.∩...#
#ZZ.....#
#...∩...#
##.....##
##...## #####


You could see a goblin zombie, a gnoll zombie and 2 big kobold zombies.

Vanquished Creatures
  Edmund (D:5)
  An ogre (D:4)
  2 centaurs (D:5)
  A howler monkey (D:6)
  A crimson imp (D:5)
  2 hounds (D:4)
  2 human zombies (Ossuary)
  3 jellies
  5 worker ants
  A gnoll (D:6)
  5 adders
  2 oozes (D:3)
  An adder skeleton (D:4)
  4 worms
  A dart slug (D:3)
  A leopard gecko (D:4)
  An orc (D:3)
  4 giant cockroaches
  6 goblins
  11 hobgoblins
  An iguana (D:4)
  A quokka (D:2)
  2 ball pythons (D:4)
  6 bats
  4 frilled lizards
  A goblin zombie (Ossuary)
  4 kobolds
  An orc zombie (Ossuary)
  4 rats
79 creatures vanquished.

Vanquished Creatures (collateral kills)
  A howler monkey (D:4)
  A jelly (D:5)
  A worker ant (D:5)
  A worm (D:4)
4 creatures vanquished.

Grand Total: 83 creatures vanquished

Notes
Turn   | Place    | Note
-------+----------+-------------------------------------------
     0 | D:1      | Darkell the Felid Transmuter began the quest for the Orb.
     0 | D:1      | Reached XP level 1. HP: 9/9 MP: 4/4
   698 | D:1      | Reached XP level 2. HP: 8/12 MP: 6/6
  1416 | D:2      | Reached XP level 3. HP: 12/15 MP: 5/7
  1430 | D:2      | Gained mutation: Your flesh is heat resistant. (rF+) [potion of mutation]
  1430 | D:2      | Gained mutation: You are agile. (Dex +2) [potion of mutation]
  1430 | D:2      | Gained mutation: You are partially covered in iridescent scales. (AC +2) [potion of mutation]
  1492 | D:2      | Learned a level 2 spell: Sticks to Snakes
  1496 | D:2      | Learned a level 3 spell: Spider Form
  1747 | D:2      | Reached skill level 3 in Transmutations
  2404 | D:3      | Reached XP level 4. HP: 17/19 MP: 4/8
  2429 | D:3      | Reached skill level 1 in Poison Magic
  2868 | D:3      | Found a snail-covered altar of Cheibriados.
  3186 | D:4      | Reached skill level 4 in Transmutations
  3186 | D:4      | Reached XP level 5. HP: 14/22 MP: 2/9
  3656 | D:4      | Found a shimmering altar of Xom.
  3740 | D:4      | Found a sacrificial altar of Ru.
  4128 | D:4      | Noticed an ogre
  4134 | D:4      | Slain by an ogre
  4135 | D:4      | Reached XP level 4. HP: -3/19 MP: 6/8
  4143 | D:4      | Killed an ogre
  4143 | D:4      | Reached skill level 5 in Transmutations
  4143 | D:4      | Reached XP level 5. HP: 22/22 MP: 9/9
  4629 | D:4      | Gained mutation: You are covered in thick fur. (AC +2) [Felid growth]
  4629 | D:4      | Reached XP level 6. HP: 18/25 MP: 6/10
  5133 | D:5      | Entered Level 5 of the Dungeon
  5200 | D:5      | Found Faockimo's Gadget Shoppe.
  5352 | D:5      | HP: 1/25 [centaur (5)]
  5356 | D:5      | Reached skill level 6 in Transmutations
  5826 | D:5      | Found Jiprarui's Gadget Emporium.
  5920 | D:5      | Found Bohaneck's Book Shop.
  5923 | D:5      | Noticed Menkaure
  5933 | D:5      | Noticed Edmund
  5971 | D:5      | Killed Edmund
  5971 | D:5      | Reached XP level 7. HP: 7/28 MP: 5/11
  6443 | D:6      | Found a staircase to the Ecumenical Temple.
  6449 | Temple   | Entered the Ecumenical Temple
  6577 | D:6      | Reached skill level 7 in Transmutations
  6578 | D:6      | Slain by a gnoll
  6579 | D:6      | Reached XP level 6. HP: -2/26 MP: 8/10
  6580 | D:6      | Noticed an orc warrior
  6603 | D:6      | Found a sand-covered staircase.
  6609 | Ossuary  | Entered an ossuary
  6647 | Ossuary  | HP: 1/39 [big kobold zombie (2)]
  6649 | Ossuary  | Slain by a gnoll zombie

Skill      XL: |  1  2  3  4  5  6  7 |
---------------+----------------------+-----
Dodging        | 3 |  3.8
Transmutations | 3 5 6 7 |  7.1
Poison Magic   | 3 4 |  4.8
Fighting       | 2 |  2.2
Unarmed Combat | |  3.6
Spellcasting   | |  2.0

Action                   |  1- 3 |  4- 6 |  7- 9 || total
-------------------------+-------+-------+-------++-------
Melee: Unarmed           |   134 |   123 |    21 ||   278
       Bite              |     5 |     5 |     1 ||    11
       Punch             |     2 |       |       ||     2
       Headbutt          |     8 |       |       ||     8
 Cast: Beastly Appendage |    18 |       |       ||    18
       Spider Form       |     2 |    17 |     4 ||    23
       Sticks to Snakes  |       |     7 |     8 ||    15
  Use: Potion            |     3 |     3 |     1 ||     7
       Scroll            |       |       |     2 ||     2
 Stab: Sleeping          |     4 |     4 |     1 ||     9
  Eat: Chunk             |    10 |    12 |       ||    22
Armor: Skin              |     7 |    18 |     3 ||    28
Dodge: Dodged            |   124 |   130 |    18 ||   272
